 Dungeon Crawl Stone Soup version 0.22.0-38-g04b72b8 (webtiles) character file.

645 elkan the Skirmisher (level 7, 0/63 HPs)
             Began as a Hill Orc Monk on Aug 27, 2018.
             Slain by an iguana (1 damage)
             ... on level 6 of the Dungeon.
             The game lasted 00:15:45 (6033 turns).

elkan the Skirmisher (Hill Orc Monk)                Turns: 6033, Time: 00:15:46

Health: 0/63       AC:  5    Str: 16    XL:     7   Next: 52%
Magic:  9/9        EV: 13    Int: 10    God:
Gold:   329        SH:  0    Dex: 13    Spells: 6/6 levels left

rFire    . . .     SeeInvis .   q - +0 hand axe
rCold    . . .     Gourm    .   (no shield)
rNeg     . . .     Faith    .   b - +0 robe
rPois    .         Spirit   .   g - +0 helmet (curse)
rElec    .         Reflect  .   (no cloak)
rCorr    .         Harm     .   s - +1 pair of gloves
MR       .....                  (no boots)
Stlth    ++........             (no amulet)
HPRegen  0.20/turn              (no ring)
MPRegen  0.11/turn              (no ring)

@: no status effects
A: no striking features
a: no special abilities


You were on level 6 of the Dungeon.
You were not hungry.

You visited 2 branches of the dungeon, and saw 7 of its levels.

You collected 329 gold pieces.

Inventory:

Hand Weapons
 a - a +0 mace
 k - a +0 hunting sling
 q - a +0 hand axe (weapon)
Armour
 b - a +0 robe (worn)
 g - a cursed +0 helmet (worn)
 s - a +1 pair of gloves (worn)
Jewellery
 l - an uncursed ring of magical power
Wands
 o - a wand of flame (12)
 r - a wand of polymorph (11)
 t - a wand of enslavement (13)
Scrolls
 h - 3 scrolls of identify
 j - a scroll of teleportation
 m - 2 scrolls of noise {unknown}
 v - a scroll of remove curse {unknown}
 w - a scroll of enchant armour {unknown}
Potions
 d - 4 potions of ambrosia {unknown}
 e - a potion of berserk rage
 f - a potion of flight {unknown}
 i - 2 potions of heal wounds {unknown}
 n - a potion of curing
 p - a potion of degeneration {unknown}
 u - a potion of cancellation {unknown}
 x - a potion of haste {unknown}
 z - a potion of magic {unknown}
Comestibles
 c - 4 rations
 A - a chunk of flesh


   Skills:
 + Level 6.0 Fighting
 + Level 3.7(5.5) Axes
 - Level 5.2(5.7) Maces & Flails
 - Level 3.1 Dodging
 - Level 2.6 Stealth
 + Level 3.0 Evocations


You had 6 spell levels left.
You didn't know any spells.
Your spell library was empty.

Dungeon Overview and Level Annotations

Branches:
Dungeon (6/15)             Temple (1/1) D:4

Altars:
Ashenzari
Fedhas
Gozag
Kikubaaqudgha
Okawaru
Qazlal
Sif Muna
Trog
Uskayaw
Vehumet
Wu Jian
Xom
Yredelemnul
The Shining One

Portals:
Ossuary: D:4

Annotations:
D:3 Crazy Yiuf
D:6 2 transporters, Verendum's ghost, novice OpTm


Message History

* * * LOW HITPOINT WARNING * * *
You barely miss the iguana.
The iguana is heavily wounded.
The iguana misses you.
You hit the iguana but do no damage.
The iguana is heavily wounded.
The iguana bites you!
* * * LOW HITPOINT WARNING * * *
The iguana misses you.
You barely miss the iguana.
The iguana is heavily wounded.
The iguana closely misses you.
You hit the iguana but do no damage.
The iguana is heavily wounded.
The iguana bites you.
* * * LOW HITPOINT WARNING * * *
You hit the iguana.
The iguana is heavily wounded.
The iguana bites you.
You die...

##.#..##...##..#.#
#.#.....©.....#.#
...##..#.# ..
#..#.# ...##..#.#
......z#.#
$?$..ZW#.#
########.#
.©....l@.#
....###### ...> ##


You could see a spectral water moccasin, an iguana, a wight and Verendum's
ghost.

Vanquished Creatures
  A centaur (D:5)
  A bullfrog (D:6)
  2 crimson imps (D:5)
  2 hounds
  A bullfrog skeleton (D:5)
  Ijyb (D:3)
  Natasha (thrice) (D:3)
  An orc wizard (D:6)
  A killer bee zombie (D:5)
  3 gnolls (D:2)
  5 adders
  An ooze (D:2)
  An adder zombie (D:5)
  4 worms
  4 leopard geckos
  13 orcs
  7 giant cockroaches
  6 goblins
  4 hobgoblins
  7 jackals
  9 kobolds
  5 quokkas
  6 bats
  7 frilled lizards
  A leopard gecko skeleton (D:4)
  6 rats
  A fungus (D:3)
103 creatures vanquished.

Notes
Turn   | Place    | Note
-------+----------+-------------------------------------------
     0 | D:1      | elkan the Hill Orc Monk began the quest for the Orb.
     0 | D:1      | Reached XP level 1. HP: 19/19 MP: 1/1
    97 | D:1      | Found a shattered altar of Ashenzari.
   119 | D:1      | Reached XP level 2. HP: 11/27 MP: 2/2
   572 | D:1      | Reached skill level 4 in Fighting
   684 | D:1      | Reached XP level 3. HP: 33/33 MP: 3/3
  1526 | D:2      | Reached XP level 4. HP: 38/40 MP: 4/4
  1612 | D:3      | Found an ancient bone altar of Kikubaaqudgha.
  1868 | D:3      | Noticed Natasha
  1881 | D:3      | Killed Natasha
  2077 | D:3      | Reached XP level 5. HP: 21/47 MP: 5/5
  2285 | D:3      | Noticed Ijyb
  3495 | D:3      | Noticed Natasha
  3498 | D:3      | Killed Natasha
  3498 | D:3      | Reached skill level 5 in Maces & Flails
  3693 | D:3      | Noticed Natasha
  3703 | D:3      | Killed Natasha
  3703 | D:3      | Reached XP level 6. HP: 32/53 MP: 6/6
  3867 | D:3      | Killed Ijyb
  3867 | D:3      | Reached skill level 1 in Evocations
  3980 | D:3      | Found a runed door.
  3984 | D:3      | Noticed Crazy Yiuf
  4130 | D:4      | Reached skill level 5 in Fighting
  4130 | D:4      | Reached skill level 1 in Axes
  4266 | D:4      | Found a staircase to the Ecumenical Temple.
  4273 | Temple   | Entered the Ecumenical Temple
  4373 | D:5      | Entered Level 5 of the Dungeon
  4424 | D:4      | Found a sand-covered staircase.
  4884 | D:5      | Reached XP level 7. HP: 56/61 MP: 8/8
  5575 | D:5      | Found a stormy altar of Qazlal.
  5959 | D:6      | Found a transporter.
  5959 | D:6      | Noticed Verendum's ghost (novice OpTm)
  5970 | D:6      | Reached skill level 6 in Fighting
  5997 | D:6      | Found a transporter.
  6032 | D:6      | HP: 1/63 [iguana (5)]
  6033 | D:6      | Slain by an iguana

Skill      XL: |  1  2  3  4  5  6  7 |
---------------+----------------------+-----
Fighting       | 4 5 6 |  6.0
Maces & Flails | 4 5 |  5.2
Stealth        | 2 |  2.6
Dodging        | 3 |  3.1
Evocations     | 2 3 |  3.0
Axes           | 2 3 |  3.7

Action                   |  1- 3 |  4- 6 |  7- 9 || total
-------------------------+-------+-------+-------++-------
Melee: Mace              |   113 |   175 |       ||   288
       Hand axe          |       |   133 |   171 ||   304
Evoke: Wand              |       |    17 |       ||    17
  Use: Scroll            |     1 |     4 |       ||     5
 Stab: Sleeping          |     8 |     3 |       ||    11
       Distracted        |     1 |       |       ||     1
  Eat: Chunk             |     2 |    10 |     2 ||    14
       Ration            |       |       |     1 ||     1
Armor: Robe              |    26 |    58 |    39 ||   123
       Skin              |       |     6 |       ||     6
Dodge: Dodged            |    72 |   190 |   103 ||   365
